Sabres vs RedWings

Created - May 8 2011 at 12:07

Goals
1 2 3 T
Sabres 1 2 3 6
RedWings 1 1 2 4
Shots
1 2 3 T
Sabres 11 5 8 24
RedWings 4 10 11 25

Period #1

1. Sabres , Jeff Schultz 4 (James Neal, Teemu Selanne) at 0:36
2. RedWings , Travis Zajac 4 (Pavel Kubina, Ray Whitney) at 5:42 (PP)

Penalties :
Troy Brouwer (BUF) for Hooking (Minor) at 4:40, Paul Martin (DET) for High sticking (Minor) at 8:37, Colin White (DET) for Roughing (Minor) at 9:30

Period #2

3. Sabres , Mike Richards 10 (Troy Brouwer, Brian Gionta) at 0:35
4. Sabres , Mike Richards 11 (Brian Gionta, Trevor Daley) at 4:41 (PP)
5. RedWings , Pavol Demitra 2 (Travis Zajac, Colin White) at 9:23

Penalties :
Curtis Glencross (DET) for Hooking (Minor) at 4:12, Ryan Kesler (BUF) for Hooking (Minor) at 9:32, Keith Yandle (DET) for Hooking (Minor) at 13:04

Period #3

6. Sabres , Troy Brouwer 5 (Trevor Daley) at 1:50
7. RedWings , Travis Zajac 5 (Alexandre Burrows, Pavel Kubina) at 4:47
8. RedWings , Ryan Getzlaf 8 (Brian Campbell) at 6:33
9. Sabres , Kyle Quincey 5 (Tuomo Ruutu, Brian Gionta) at 14:37 (PP)
10. Sabres , James Neal 8 (Chris Phillips) at 18:03

Penalties :
Curtis Glencross (DET) for Interference (Minor) at 13:24

Goalie Stats

Evgeni Nabokov (BUF), 21 saves from 25 shots - (0.840), W, 13-6-0, 60:00 minutes
Alex Auld (DET), 1 saves from 1 shots - (1.000), 1:57 minutes
Craig Anderson (DET), 17 saves from 23 shots - (0.739), L, 12-2-3, 58:03 minutes

Players Stats

Sabres
Player Name              G  A  P  +/- PIM S  H  SB FO    MP 
------------------------------------------------------------
Brian Gionta             0  3  3  -1  0   4  0  1  6/8   21 
Chris Phillips           0  1  1   1  0   0  0  1  0/0   20 
David Legwand            0  0  0   0  0   0  1  0  5/9   15 
Devin Setoguchi          0  0  0   0  0   0  1  0  0/0   4  
Eric Fehr                0  0  0   0  0   0  0  0  0/0   0  
James Neal               1  1  2   2  0   2  3  0  2/2   21 
Jeff Schultz             1  0  1   0  0   3  1  2  0/0   21 
Johan Franzen            0  0  0   0  0   0  0  0  1/2   18 
Kyle Quincey             1  0  1   2  0   1  3  2  0/0   21 
Luke Schenn              0  0  0   0  0   0  2  2  0/0   15 
Mike Richards            2  0  2  -1  0   6  1  0  18/30 23 
Ryan Kesler              0  0  0   2  2   2  2  0  9/17  22 
Teemu Selanne            0  1  1   2  0   1  0  0  0/2   21 
Trevor Daley             0  2  2   0  0   0  0  0  0/0   18 
Troy Brouwer             1  1  2   0  2   1  3  0  0/1   21 
Tuomo Ruutu              0  1  1  -1  0   2  3  0  1/1   14 
Tyler Myers              0  0  0  -1  0   2  2  4  0/0   21 
Victor Hedman            0  0  0   0  0   0  0  0  0/0   0  
RedWings
Player Name              G  A  P  +/- PIM S  H  SB FO    MP 
------------------------------------------------------------
Alexandre Burrows        0  1  1  -1  0   0  4  0  1/1   19 
Brett Clark              0  0  0  -1  0   0  2  1  0/0   17 
Brian Campbell           0  1  1   0  0   0  0  2  0/0   20 
Colin White              0  1  1   0  2   1  1  3  0/0   20 
Curtis Glencross         0  0  0  -1  4   2  2  1  1/1   14 
Jamie Langenbrunner      0  0  0   0  0   0  1  0  1/1   18 
Keith Yandle             0  0  0   0  2   0  0  1  0/0   21 
Kris Draper              0  0  0   1  0   2  0  0  0/2   8  
Marty Reasoner           0  0  0  -1  0   1  0  0  4/16  16 
Nate Thompson            0  0  0   1  0   0  0  1  5/12  8  
Niclas Bergfors          0  0  0  -1  0   4  0  0  1/2   13 
Paul Martin              0  0  0  -1  2   4  0  1  0/0   19 
Pavel Kubina             0  2  2  -1  0   0  1  3  0/0   21 
Pavol Demitra            1  0  1   1  0   1  0  0  0/0   5  
Ray Whitney              0  1  1  -1  0   3  0  0  3/3   17 
Ryan Getzlaf             1  0  1   0  0   2  0  0  8/14  18 
Travis Zajac             2  1  3   0  0   3  0  0  6/18  18 
Zach Parise              0  0  0   0  0   2  0  0  0/2   20 

3 Stars

1 - Travis Zajac (DET)
2 - James Neal (BUF)
3 - Kyle Quincey (BUF)

Power Play

Sabres - 2 on 5 Attempt(s) - 40.00%
RedWings - 1 on 2 Attempt(s) - 50.00%

Penalty Kill

Sabres - 1 on 2 Attempt(s) - 50.00% - Score 0 goal in Penalty Kill
RedWings - 3 on 5 Attempt(s) - 60.00% - Score 0 goal in Penalty Kill

Game Notes

Alex Auld enters game at 18:03 of 3rd period

Finance

Level 1 -- Attendance: 6500 (100.00%) -- Ticket Income $520,000.00
Level 2 -- Attendance: 5000 (100.00%) -- Ticket Income $225,000.00
Level 3 -- Attendance: 3500 (100.00%) -- Ticket Income $105,000.00
Level 4 -- Attendance: 4066 (100.00%) -- Ticket Income $60,990.00
Luxury Box -- Attendance: 1000 (100.00%) -- Ticket Income $150,000.00
Game was played at the Joe Louis Arena
Total Attendance: 20066 (100.00%)
Total Ticket Income: $1,104,654.00
Other Income: $331,396.13
Total Income: $1,436,050.00


Play by Play

Period #1

0:01 of 1st period - Mike Richards wins face-off versus Travis Zajac in neutral zone.
0:03 of 1st period - Off-side.
0:04 of 1st period - Ryan Kesler wins face-off versus Travis Zajac in neutral zone.
0:10 of 1st period - Teemu Selanne is hit by Colin White.
0:22 of 1st period - Shot by Teemu Selanne.
0:22 of 1st period - Shot Misses the Net.
0:24 of 1st period - Shot by Ryan Kesler.
0:24 of 1st period - Shot Blocked by Pavel Kubina.
0:26 of 1st period - Shot by Ryan Kesler.
0:26 of 1st period - Shot Misses the Net.
0:28 of 1st period - Shot by Teemu Selanne.
0:28 of 1st period - Deflect By Ryan Kesler.
0:28 of 1st period - Shot Blocked by Colin White.
0:30 of 1st period - Shot by Teemu Selanne.
0:30 of 1st period - Shot Misses the Net.
0:32 of 1st period - Shot by Jeff Schultz.
0:32 of 1st period - Stopped by Craig Anderson with a rebound.
0:34 of 1st period - Shot by James Neal.
0:34 of 1st period - Shot Blocked by Pavel Kubina.
0:36 of 1st period - Shot by Jeff Schultz.
0:36 of 1st period - Goal by Jeff Schultz - Sabres : 1 - RedWings : 0.
0:37 of 1st period - Ryan Getzlaf wins face-off versus Mike Richards in neutral zone.
0:45 of 1st period - Icing by Tyler Myers.
0:46 of 1st period - Mike Richards wins face-off versus Marty Reasoner in Sabres zone.
1:34 of 1st period - Icing by Chris Phillips.
1:35 of 1st period - Mike Richards wins face-off versus Travis Zajac in Sabres zone.
1:35 of 1st period - Mike Richards is hit by Alexandre Burrows.
1:52 of 1st period - Off-side.
1:53 of 1st period - Ryan Getzlaf wins face-off versus Ryan Kesler in neutral zone.
3:28 of 1st period - Shot by Travis Zajac.
3:28 of 1st period - Shot Misses the Net.
3:30 of 1st period - Shot by Ray Whitney.
3:30 of 1st period - Deflect By Travis Zajac.
3:30 of 1st period - Shot Blocked by Luke Schenn.
4:03 of 1st period - Shot by Ryan Kesler.
4:03 of 1st period - Stopped by Craig Anderson with a rebound.
4:07 of 1st period - Shot by Teemu Selanne.
4:07 of 1st period - Shot Blocked by Curtis Glencross.
4:09 of 1st period - Shot by Kyle Quincey.
4:09 of 1st period - Shot Blocked by Paul Martin.
4:11 of 1st period - Shot by Ryan Kesler.
4:11 of 1st period - Deflect By Teemu Selanne.
4:11 of 1st period - Shot Misses the Net.
4:13 of 1st period - Shot by Jeff Schultz.
4:13 of 1st period - Shot Blocked by Brett Clark.
4:40 of 1st period - Minor Penalty to Troy Brouwer for Hooking.
4:41 of 1st period - James Neal wins face-off versus Ryan Getzlaf in Sabres zone.
4:50 of 1st period - Shot by Brian Campbell.
4:50 of 1st period - Shot Misses the Net.
5:38 of 1st period - Shot by Ray Whitney.
5:38 of 1st period - Shot Misses the Net.
5:40 of 1st period - Shot by Pavel Kubina.
5:40 of 1st period - Shot Misses the Net.
5:42 of 1st period - Shot by Travis Zajac.
5:42 of 1st period - Goal by Travis Zajac - Sabres : 1 - RedWings : 1.
5:43 of 1st period - Mike Richards wins face-off versus Kris Draper in neutral zone.
5:53 of 1st period - Icing by Brett Clark.
5:54 of 1st period - Nate Thompson wins face-off versus Ryan Kesler in RedWings zone.
5:58 of 1st period - Pavol Demitra is hit by Kyle Quincey and loses puck.
6:38 of 1st period - Shot by Travis Zajac.
6:38 of 1st period - Stopped by Evgeni Nabokov without a rebound.
6:39 of 1st period - Ryan Getzlaf wins face-off versus Mike Richards in Sabres zone.
7:05 of 1st period - Shot by Troy Brouwer.
7:05 of 1st period - Shot Misses the Net.
7:09 of 1st period - Shot by Mike Richards.
7:09 of 1st period - Stopped by Craig Anderson without a rebound.
7:10 of 1st period - Travis Zajac wins face-off versus Brian Gionta in RedWings zone.
7:16 of 1st period - Travis Zajac is hit by Tyler Myers and loses puck.
8:23 of 1st period - Johan Franzen is hit by Brett Clark and loses puck.
8:37 of 1st period - Minor Penalty to Paul Martin for High sticking.
8:38 of 1st period - Nate Thompson wins face-off versus Ryan Kesler in RedWings zone.
9:09 of 1st period - Shot by Teemu Selanne.
9:09 of 1st period - Shot Misses the Net.
9:30 of 1st period - Minor Penalty to Colin White for Roughing.
9:31 of 1st period - Johan Franzen wins face-off versus Marty Reasoner in RedWings zone.
10:35 of 1st period - Shot by Ryan Kesler.
10:35 of 1st period - Stopped by Craig Anderson with a rebound.
11:07 of 1st period - Shot by Mike Richards.
11:07 of 1st period - Shot Misses the Net.
11:09 of 1st period - Shot by Mike Richards.
11:09 of 1st period - Stopped by Craig Anderson without a rebound.
11:10 of 1st period - Ryan Kesler wins face-off versus Marty Reasoner in RedWings zone.
11:15 of 1st period - Shot by James Neal.
11:15 of 1st period - Shot Misses the Net.
11:17 of 1st period - Shot by Jeff Schultz.
11:17 of 1st period - Shot Blocked by Brian Campbell.
11:19 of 1st period - Shot by Jeff Schultz.
11:19 of 1st period - Stopped by Craig Anderson without a rebound.
11:20 of 1st period - Nate Thompson wins face-off versus Mike Richards in RedWings zone.
11:29 of 1st period - Shot by Trevor Daley.
11:29 of 1st period - Shot Misses the Net.
11:31 of 1st period - Shot by Chris Phillips.
11:31 of 1st period - Shot Misses the Net.
11:54 of 1st period - Shot by Travis Zajac.
11:54 of 1st period - Deflect By Alexandre Burrows.
11:54 of 1st period - Shot Misses the Net.
11:57 of 1st period - Icing by Troy Brouwer.
11:58 of 1st period - Mike Richards wins face-off versus Zach Parise in Sabres zone.
12:35 of 1st period - Shot by Brian Gionta.
12:35 of 1st period - Stopped by Craig Anderson without a rebound.
12:36 of 1st period - Ryan Kesler wins face-off versus Nate Thompson in RedWings zone.
13:48 of 1st period - Brian Gionta is hit by Alexandre Burrows and loses puck.
14:01 of 1st period - Shot by Brian Gionta.
14:01 of 1st period - Shot Misses the Net.
15:55 of 1st period - Shot by Curtis Glencross.
15:55 of 1st period - Shot Misses the Net.
15:59 of 1st period - Shot by Brett Clark.
15:59 of 1st period - Shot Blocked by Tyler Myers.
16:01 of 1st period - Shot by Curtis Glencross.
16:01 of 1st period - Stopped by Evgeni Nabokov without a rebound.
16:02 of 1st period - Mike Richards wins face-off versus Nate Thompson in Sabres zone.
16:11 of 1st period - Shot by Johan Franzen.
16:11 of 1st period - Shot Blocked by Nate Thompson.
16:15 of 1st period - Shot by Mike Richards.
16:15 of 1st period - Shot Misses the Net.
16:19 of 1st period - Shot by Troy Brouwer.
16:19 of 1st period - Shot Misses the Net.
16:23 of 1st period - Shot by Troy Brouwer.
16:23 of 1st period - Deflect By Mike Richards.
16:23 of 1st period - Shot Misses the Net.
16:25 of 1st period - Shot by Mike Richards.
16:25 of 1st period - Shot Misses the Net.
16:27 of 1st period - Shot by Mike Richards.
16:27 of 1st period - Stopped by Craig Anderson without a rebound.
16:28 of 1st period - Travis Zajac wins face-off versus Teemu Selanne in RedWings zone.
16:28 of 1st period - Travis Zajac is hit by James Neal.
16:35 of 1st period - Ray Whitney is hit by James Neal and loses puck.
16:54 of 1st period - Shot by Ray Whitney.
16:54 of 1st period - Stopped by Evgeni Nabokov without a rebound.
16:55 of 1st period - Mike Richards wins face-off versus Marty Reasoner in Sabres zone.
16:57 of 1st period - Icing by Tyler Myers.
16:58 of 1st period - Marty Reasoner wins face-off versus Mike Richards in Sabres zone.
18:05 of 1st period - Shot by Ryan Kesler.
18:05 of 1st period - Deflect By James Neal.
18:05 of 1st period - Shot Misses the Net.
18:09 of 1st period - Shot by Teemu Selanne.
18:09 of 1st period - Stopped by Craig Anderson without a rebound.
18:10 of 1st period - David Legwand wins face-off versus Ryan Getzlaf in RedWings zone.
18:11 of 1st period - Shot by Johan Franzen.
18:11 of 1st period - Shot Blocked by Keith Yandle.
18:13 of 1st period - Shot by Luke Schenn.
18:13 of 1st period - Shot Misses the Net.
19:52 of 1st period - Shot by Brian Gionta.
19:52 of 1st period - Shot Misses the Net.
19:56 of 1st period - Shot by Tuomo Ruutu.
19:56 of 1st period - Stopped by Craig Anderson without a rebound.
19:57 of 1st period - Mike Richards wins face-off versus Travis Zajac in RedWings zone.

Period #2

0:01 of 2nd period - Travis Zajac wins face-off versus Mike Richards in neutral zone.
0:08 of 2nd period - Ray Whitney is hit by Troy Brouwer and loses puck.
0:35 of 2nd period - Shot by Mike Richards.
0:35 of 2nd period - Goal by Mike Richards - Sabres : 2 - RedWings : 1.
0:36 of 2nd period - Jamie Langenbrunner wins face-off versus Ryan Kesler in neutral zone.
1:01 of 2nd period - Shot by Teemu Selanne.
1:01 of 2nd period - Deflect By Ryan Kesler.
1:01 of 2nd period - Shot Blocked by Brian Campbell.
1:03 of 2nd period - Shot by Kyle Quincey.
1:03 of 2nd period - Shot Hit the Post.
1:05 of 2nd period - Shot by James Neal.
1:05 of 2nd period - Stopped by Craig Anderson without a rebound.
1:06 of 2nd period - Mike Richards wins face-off versus Marty Reasoner in RedWings zone.
1:30 of 2nd period - Curtis Glencross is hit by Mike Richards and loses puck.
1:41 of 2nd period - Shot by Paul Martin.
1:41 of 2nd period - Shot Blocked by Luke Schenn.
1:51 of 2nd period - Trevor Daley is hit by Curtis Glencross and loses puck.
2:24 of 2nd period - Icing by Colin White.
2:25 of 2nd period - Ray Whitney wins face-off versus Ryan Kesler in RedWings zone.
2:25 of 2nd period - Ray Whitney is hit by Ryan Kesler.
2:32 of 2nd period - Teemu Selanne is hit by Pavel Kubina and loses puck.
3:02 of 2nd period - Zach Parise is hit by Kyle Quincey and loses puck.
3:46 of 2nd period - Off-side.
3:47 of 2nd period - David Legwand wins face-off versus Nate Thompson in neutral zone.
3:59 of 2nd period - Shot by Kris Draper.
3:59 of 2nd period - Shot Misses the Net.
4:01 of 2nd period - Shot by Paul Martin.
4:01 of 2nd period - Stopped by Evgeni Nabokov without a rebound.
4:02 of 2nd period - Marty Reasoner wins face-off versus Mike Richards in Sabres zone.
4:03 of 2nd period - Shot by Niclas Bergfors.
4:03 of 2nd period - Stopped by Evgeni Nabokov without a rebound.
4:04 of 2nd period - Niclas Bergfors wins face-off versus Brian Gionta in Sabres zone.
4:12 of 2nd period - Minor Penalty to Curtis Glencross for Hooking.
4:13 of 2nd period - Tuomo Ruutu wins face-off versus Marty Reasoner in RedWings zone.
4:41 of 2nd period - Shot by Mike Richards.
4:41 of 2nd period - Goal by Mike Richards - Sabres : 3 - RedWings : 1.
4:42 of 2nd period - David Legwand wins face-off versus Travis Zajac in neutral zone.
5:50 of 2nd period - Shot by Marty Reasoner.
5:50 of 2nd period - Shot Misses the Net.
5:52 of 2nd period - Shot by Paul Martin.
5:52 of 2nd period - Stopped by Evgeni Nabokov without a rebound.
5:53 of 2nd period - Mike Richards wins face-off versus Ryan Getzlaf in Sabres zone.
7:36 of 2nd period - Kyle Quincey is hit by Alexandre Burrows and loses puck.
8:02 of 2nd period - Ray Whitney is hit by Kyle Quincey and loses puck.
8:56 of 2nd period - Niclas Bergfors is hit by Luke Schenn and loses puck.
9:23 of 2nd period - Shot by Pavol Demitra.
9:23 of 2nd period - Goal by Pavol Demitra - Sabres : 3 - RedWings : 2.
9:24 of 2nd period - Brian Gionta wins face-off versus Nate Thompson in neutral zone.
9:32 of 2nd period - Minor Penalty to Ryan Kesler for Hooking.
9:33 of 2nd period - Brian Gionta wins face-off versus Travis Zajac in Sabres zone.
9:48 of 2nd period - Shot by Ray Whitney.
9:48 of 2nd period - Shot Misses the Net.
9:50 of 2nd period - Shot by Paul Martin.
9:50 of 2nd period - Stopped by Evgeni Nabokov without a rebound.
9:51 of 2nd period - Alexandre Burrows wins face-off versus Teemu Selanne in Sabres zone.
9:52 of 2nd period - Shot by Brian Campbell.
9:52 of 2nd period - Shot Blocked by Jeff Schultz.
10:33 of 2nd period - Icing by Pavel Kubina.
10:34 of 2nd period - Brian Gionta wins face-off versus Travis Zajac in RedWings zone.
11:22 of 2nd period - Shot by Zach Parise.
11:22 of 2nd period - Stopped by Evgeni Nabokov without a rebound.
11:23 of 2nd period - Travis Zajac wins face-off versus David Legwand in Sabres zone.
12:04 of 2nd period - Shot by Niclas Bergfors.
12:04 of 2nd period - Shot Blocked by Kyle Quincey.
12:08 of 2nd period - Shot by Niclas Bergfors.
12:08 of 2nd period - Stopped by Evgeni Nabokov with a rebound.
12:29 of 2nd period - Icing by Ryan Kesler.
12:30 of 2nd period - Ryan Kesler wins face-off versus Ryan Getzlaf in Sabres zone.
13:04 of 2nd period - Minor Penalty to Keith Yandle for Hooking.
13:05 of 2nd period - Mike Richards wins face-off versus Marty Reasoner in RedWings zone.
13:10 of 2nd period - Shot by Tuomo Ruutu.
13:10 of 2nd period - Shot Misses the Net.
13:12 of 2nd period - Shot by Brian Gionta.
13:12 of 2nd period - Stopped by Craig Anderson with a rebound.
13:14 of 2nd period - Shot by Mike Richards.
13:14 of 2nd period - Shot Misses the Net.
13:18 of 2nd period - Shot by Brian Gionta.
13:18 of 2nd period - Deflect By Tuomo Ruutu.
13:18 of 2nd period - Stopped by Craig Anderson without a rebound.
13:19 of 2nd period - Nate Thompson wins face-off versus Mike Richards in RedWings zone.
14:02 of 2nd period - Shot by Colin White.
14:02 of 2nd period - Stopped by Evgeni Nabokov without a rebound.
14:03 of 2nd period - Ryan Kesler wins face-off versus Marty Reasoner in Sabres zone.
15:35 of 2nd period - Brian Campbell is hit by Troy Brouwer and loses puck.
16:02 of 2nd period - Shot by Kris Draper.
16:02 of 2nd period - Stopped by Evgeni Nabokov without a rebound.
16:03 of 2nd period - Mike Richards wins face-off versus Niclas Bergfors in Sabres zone.
16:33 of 2nd period - Icing by Trevor Daley.
16:34 of 2nd period - Mike Richards wins face-off versus Travis Zajac in Sabres zone.
16:38 of 2nd period - Icing by Mike Richards.
16:39 of 2nd period - Mike Richards wins face-off versus Travis Zajac in Sabres zone.
16:39 of 2nd period - Mike Richards is hit by Alexandre Burrows.
17:30 of 2nd period - Travis Zajac is hit by James Neal and loses puck.
18:47 of 2nd period - Shot by Niclas Bergfors.
18:47 of 2nd period - Shot Misses the Net.
18:55 of 2nd period - Shot by Curtis Glencross.
18:55 of 2nd period - Stopped by Evgeni Nabokov without a rebound.
18:56 of 2nd period - Mike Richards wins face-off versus Kris Draper in Sabres zone.

Period #3

0:01 of 3rd period - Ray Whitney wins face-off versus Troy Brouwer in neutral zone.
0:01 of 3rd period - Ray Whitney is hit by Troy Brouwer.
0:25 of 3rd period - Shot by Chris Phillips.
0:25 of 3rd period - Shot Blocked by Colin White.
0:29 of 3rd period - Shot by Mike Richards.
0:29 of 3rd period - Shot Misses the Net.
0:33 of 3rd period - Shot by Brian Gionta.
0:33 of 3rd period - Stopped by Craig Anderson without a rebound.
0:34 of 3rd period - James Neal wins face-off versus Ryan Getzlaf in RedWings zone.
1:15 of 3rd period - Shot by Zach Parise.
1:15 of 3rd period - Shot Misses the Net.
1:23 of 3rd period - Jeff Schultz is hit by Jamie Langenbrunner and loses puck.
1:50 of 3rd period - Shot by Troy Brouwer.
1:50 of 3rd period - Goal by Troy Brouwer - Sabres : 4 - RedWings : 2.
1:51 of 3rd period - Mike Richards wins face-off versus Travis Zajac in neutral zone.
2:04 of 3rd period - Shot by Mike Richards.
2:04 of 3rd period - Deflect By Brian Gionta.
2:04 of 3rd period - Stopped by Craig Anderson without a rebound.
2:05 of 3rd period - Nate Thompson wins face-off versus Mike Richards in RedWings zone.
2:12 of 3rd period - Shot by Kris Draper.
2:12 of 3rd period - Stopped by Evgeni Nabokov without a rebound.
2:13 of 3rd period - Mike Richards wins face-off versus Travis Zajac in Sabres zone.
3:08 of 3rd period - Shot by Niclas Bergfors.
3:08 of 3rd period - Shot Misses the Net.
3:10 of 3rd period - Shot by Marty Reasoner.
3:10 of 3rd period - Stopped by Evgeni Nabokov without a rebound.
3:11 of 3rd period - Ryan Kesler wins face-off versus Zach Parise in Sabres zone.
4:35 of 3rd period - Shot by Niclas Bergfors.
4:35 of 3rd period - Stopped by Evgeni Nabokov without a rebound.
4:36 of 3rd period - Travis Zajac wins face-off versus Mike Richards in Sabres zone.
4:43 of 3rd period - Shot by Alexandre Burrows.
4:43 of 3rd period - Shot Misses the Net.
4:47 of 3rd period - Shot by Travis Zajac.
4:47 of 3rd period - Goal by Travis Zajac - Sabres : 4 - RedWings : 3.
4:48 of 3rd period - Ryan Kesler wins face-off versus Travis Zajac in neutral zone.
5:13 of 3rd period - Shot by James Neal.
5:13 of 3rd period - Shot Misses the Net.
5:48 of 3rd period - Icing by Curtis Glencross.
5:49 of 3rd period - Marty Reasoner wins face-off versus David Legwand in RedWings zone.
6:19 of 3rd period - Off-side.
6:20 of 3rd period - Mike Richards wins face-off versus Ryan Getzlaf in neutral zone.
6:33 of 3rd period - Shot by Ryan Getzlaf.
6:33 of 3rd period - Goal by Ryan Getzlaf - Sabres : 4 - RedWings : 4.
6:34 of 3rd period - Ryan Getzlaf wins face-off versus Ryan Kesler in neutral zone.
7:23 of 3rd period - Icing by Colin White.
7:24 of 3rd period - Ray Whitney wins face-off versus Mike Richards in RedWings zone.
8:14 of 3rd period - Luke Schenn is hit by Curtis Glencross and loses puck.
8:27 of 3rd period - Shot by Niclas Bergfors.
8:27 of 3rd period - Stopped by Evgeni Nabokov without a rebound.
8:28 of 3rd period - Ryan Getzlaf wins face-off versus David Legwand in Sabres zone.
8:28 of 3rd period - Ryan Getzlaf is hit by Tyler Myers.
8:31 of 3rd period - Zach Parise is hit by Jeff Schultz and loses puck.
8:38 of 3rd period - Shot by Jamie Langenbrunner.
8:38 of 3rd period - Shot Misses the Net.
8:40 of 3rd period - Shot by Jamie Langenbrunner.
8:40 of 3rd period - Shot Blocked by Jeff Schultz.
8:44 of 3rd period - Shot by Zach Parise.
8:44 of 3rd period - Shot Hit the Post.
9:49 of 3rd period - Ryan Kesler is hit by Brett Clark and loses puck.
10:42 of 3rd period - Shot by Mike Richards.
10:42 of 3rd period - Shot Hit the Post.
10:58 of 3rd period - Colin White is hit by Tuomo Ruutu and loses puck.
11:24 of 3rd period - Alexandre Burrows is hit by Tuomo Ruutu and loses puck.
11:41 of 3rd period - Keith Yandle is hit by Tuomo Ruutu and loses puck.
11:51 of 3rd period - Zach Parise is hit by Luke Schenn and loses puck.
11:56 of 3rd period - Shot by Brian Campbell.
11:56 of 3rd period - Shot Misses the Net.
12:00 of 3rd period - Shot by Jamie Langenbrunner.
12:00 of 3rd period - Shot Misses the Net.
12:02 of 3rd period - Shot by Brian Campbell.
12:02 of 3rd period - Shot Misses the Net.
13:24 of 3rd period - Minor Penalty to Curtis Glencross for Interference.
13:25 of 3rd period - David Legwand wins face-off versus Marty Reasoner in RedWings zone.
13:32 of 3rd period - Shot by Tyler Myers.
13:32 of 3rd period - Shot Blocked by Pavel Kubina.
13:34 of 3rd period - Shot by Tyler Myers.
13:34 of 3rd period - Stopped by Craig Anderson without a rebound.
13:35 of 3rd period - Brian Gionta wins face-off versus Nate Thompson in RedWings zone.
13:36 of 3rd period - Shot by Tyler Myers.
13:36 of 3rd period - Stopped by Craig Anderson without a rebound.
13:37 of 3rd period - Brian Gionta wins face-off versus Nate Thompson in RedWings zone.
14:06 of 3rd period - Icing by James Neal.
14:07 of 3rd period - Brian Gionta wins face-off versus Marty Reasoner in Sabres zone.
14:25 of 3rd period - Off-side.
14:26 of 3rd period - David Legwand wins face-off versus Marty Reasoner in neutral zone.
14:35 of 3rd period - Shot by Tuomo Ruutu.
14:35 of 3rd period - Shot Misses the Net.
14:37 of 3rd period - Shot by Kyle Quincey.
14:37 of 3rd period - Goal by Kyle Quincey - Sabres : 5 - RedWings : 4.
14:38 of 3rd period - Ryan Getzlaf wins face-off versus David Legwand in neutral zone.
14:43 of 3rd period - Shot by Zach Parise.
14:43 of 3rd period - Deflect By Ryan Getzlaf.
14:43 of 3rd period - Stopped by Evgeni Nabokov with a rebound.
14:45 of 3rd period - Shot by Jamie Langenbrunner.
14:45 of 3rd period - Shot Blocked by Chris Phillips.
14:47 of 3rd period - Shot by Brian Campbell.
14:47 of 3rd period - Shot Misses the Net.
15:11 of 3rd period - Shot by Zach Parise.
15:11 of 3rd period - Shot Blocked by Tyler Myers.
15:15 of 3rd period - Shot by Zach Parise.
15:15 of 3rd period - Shot Blocked by Tyler Myers.
15:29 of 3rd period - Shot by Ray Whitney.
15:29 of 3rd period - Shot Blocked by Tyler Myers.
15:39 of 3rd period - Shot by Travis Zajac.
15:39 of 3rd period - Shot Misses the Net.
15:41 of 3rd period - Shot by Pavel Kubina.
15:41 of 3rd period - Shot Misses the Net.
15:45 of 3rd period - Shot by Travis Zajac.
15:45 of 3rd period - Shot Misses the Net.
15:49 of 3rd period - Shot by Travis Zajac.
15:49 of 3rd period - Deflect By Ray Whitney.
15:49 of 3rd period - Stopped by Evgeni Nabokov without a rebound.
15:50 of 3rd period - Ryan Kesler wins face-off versus Marty Reasoner in Sabres zone.
15:57 of 3rd period - Shot by Paul Martin.
15:57 of 3rd period - Stopped by Evgeni Nabokov without a rebound.
15:58 of 3rd period - Ryan Kesler wins face-off versus Nate Thompson in Sabres zone.
16:00 of 3rd period - Icing by James Neal.
16:01 of 3rd period - Marty Reasoner wins face-off versus Ryan Kesler in Sabres zone.
16:10 of 3rd period - Shot by Curtis Glencross.
16:10 of 3rd period - Deflect By Niclas Bergfors.
16:10 of 3rd period - Shot Misses the Net.
16:12 of 3rd period - Shot by Curtis Glencross.
16:12 of 3rd period - Deflect By Marty Reasoner.
16:12 of 3rd period - Shot Blocked by Kyle Quincey.
16:28 of 3rd period - Marty Reasoner is hit by Ryan Kesler and loses puck.
17:37 of 3rd period - Shot by Ray Whitney.
17:37 of 3rd period - Stopped by Evgeni Nabokov with a rebound.
17:39 of 3rd period - Shot by Travis Zajac.
17:39 of 3rd period - Shot Blocked by Brian Gionta.
18:03 of 3rd period - Shot by James Neal.
18:03 of 3rd period - Goal by James Neal - Sabres : 6 - RedWings : 4.
18:03 of 3rd period - Alex Auld enters game.
18:04 of 3rd period - Ryan Getzlaf wins face-off versus Ryan Kesler in neutral zone.
18:57 of 3rd period - Icing by Travis Zajac.
18:58 of 3rd period - Travis Zajac wins face-off versus Mike Richards in RedWings zone.
19:25 of 3rd period - Shot by Mike Richards.
19:25 of 3rd period - Stopped by Alex Auld with a rebound.
19:29 of 3rd period - Shot by Brian Gionta.
19:29 of 3rd period - Shot Blocked by Colin White.
19:38 of 3rd period - Alexandre Burrows is hit by Devin Setoguchi and loses puck.
19:52 of 3rd period - Icing by Troy Brouwer.
19:53 of 3rd period - Ryan Getzlaf wins face-off versus Johan Franzen in Sabres zone.
19:56 of 3rd period - Shot by Zach Parise.
19:56 of 3rd period - Stopped by Evgeni Nabokov without a rebound.
19:57 of 3rd period - Curtis Glencross wins face-off versus Mike Richards in Sabres zone.
19:59 of 3rd period - Zach Parise is hit by David Legwand and loses puck.


Output by the SimonT Hockey Simulator (STHS) for Stephane Roy -- Original Page W3C XHTML 1.0 Valid